| TOP OF THE 1ST |
|
Philadelphia Phillies batting - Pitching for Atlanta Braves : RHP Gary Serum
|
|
Pitching: RHP Gary Serum
|
|
|
Batting: RHB Andy Ramirez
|
0-0: Called Strike 0-1: Ball 1-1: Foul Ball, location: 2F 1-2: Ball 2-2: Ball 3-2: Fly out, F3 (Popup, 3SF, EV 65.0 MPH)
|
|
Batting: LHB Lou Whitaker
|
0-0: Ball 1-0: Ground out 5-3 (Groundball, 56, EV 96.9 MPH)
|
|
Batting: LHB Tony Gwynn
|
0-0: Ball 1-0: Ball 2-0: Called Strike 2-1: Foul Ball, location: 2F 2-2: Ball 3-2: Ground out 6-3 (Groundball, 6, EV 101.9 MPH)
|
| Top of the 1st over - 0 runs, 0 hits, 0 errors, 0 left on base; Philadelphia 0 - Atlanta 0 |
| BOTTOM OF THE 1ST |
|
Atlanta Braves batting - Pitching for Philadelphia Phillies : LHP Larry McWilliams
|
|
Pitching: LHP Larry McWilliams
|
|
|
Batting: LHB Brett Butler
|
0-0: Ball 1-0: Ground out 4-3 (Groundball, 4, EV 81.3 MPH)
|
|
Batting: LHB Joe L Morgan
|
0-0: Foul Ball, location: 2F 0-1: Foul Ball, location: 2F 0-2: Foul Ball, location: 2F 0-2: Ball 1-2: Ball 2-2: Ball 3-2: Fly out, F6 (Line Drive, 6, EV 68.8 MPH)
|
|
Batting: SHB Tony Fernandez
|
0-0: Ball 1-0: Foul Ball, location: 2F 1-1: Swinging Strike 1-2: DOUBLE (Flyball, 78XD, EV 101.3 MPH)
|
|
Batting: LHB Karl Pagel
|
0-0: Called Strike 0-1: Foul Ball, location: 2F 0-2: Foul Ball, location: 2F 0-2: Ball 1-2: Ball 2-2: Foul Ball, location: 2F 2-2: Ball 3-2: Fly out, F4 (Flyball, 4D, EV 82.5 MPH)
|
| Bottom of the 1st over - 0 runs, 1 hit, 0 errors, 1 left on base; Philadelphia 0 - Atlanta 0 |
| TOP OF THE 2ND |
|
Philadelphia Phillies batting - Pitching for Atlanta Braves : RHP Gary Serum
|
|
Batting: RHB Candy Maldonado
|
0-0: Ball 1-0: Ball 2-0: Ground out 6-3 (Groundball, 6, EV 85.0 MPH)
|
|
Batting: LHB Randy Bush
|
0-0: Called Strike 0-1: Foul Ball, location: 2F 0-2: Ball 1-2: Ball 2-2: Fly out, F7 (Flyball, 7LD, EV 85.6 MPH)
|
|
Batting: RHB Andre Dawson
|
0-0: Ground out 6-3 (Groundball, 6, EV 90.0 MPH)
|
| Top of the 2nd over - 0 runs, 0 hits, 0 errors, 0 left on base; Philadelphia 0 - Atlanta 0 |
| BOTTOM OF THE 2ND |
|
Atlanta Braves batting - Pitching for Philadelphia Phillies : LHP Larry McWilliams
|
|
Batting: LHB Mike Scioscia
|
0-0: Ball 1-0: Swinging Strike 1-1: Foul Ball, location: 2F 1-2: Fly out, F7 (Line Drive, 7, EV 95.0 MPH)
|
|
Batting: LHB Mike Hargrove
|
0-0: Swinging Strike 0-1: Ball 1-1: Foul Ball, location: 2F 1-2: Ground out 4-3 (Groundball, 4, EV 86.9 MPH)
|
|
Batting: LHB Brent Hillenga
|
0-0: Ball 1-0: Ball 2-0: Foul Ball, location: 2F 2-1: Foul Ball, location: 2F 2-2: Ball 3-2: Foul Ball, location: 2F 3-2: Fly out, F8 (Flyball, 89D, EV 101.3 MPH)
|
| Bottom of the 2nd over - 0 runs, 0 hits, 0 errors, 0 left on base; Philadelphia 0 - Atlanta 0 |
| TOP OF THE 3RD |
|
Philadelphia Phillies batting - Pitching for Atlanta Braves : RHP Gary Serum
|
|
Batting: RHB Dan Thomas
|
0-0: Ball 1-0: Called Strike 1-1: Called Strike 1-2: Ball 2-2: Ground out 4-3 (Groundball, 34, EV 105.6 MPH)
|
|
Batting: LHB Clay Hill
|
0-0: Ball 1-0: Fly out, F6 (Popup, 6, EV 61.9 MPH)
|
|
Batting: LHB Larry McWilliams
|
0-0: Called Strike 0-1: Swinging Strike 0-2: Foul Ball, location: 2F 0-2: Strikes out looking
|
| Top of the 3rd over - 0 runs, 0 hits, 0 errors, 0 left on base; Philadelphia 0 - Atlanta 0 |
| BOTTOM OF THE 3RD |
|
Atlanta Braves batting - Pitching for Philadelphia Phillies : LHP Larry McWilliams
|
|
Batting: RHB Tom Veryzer
|
0-0: Ball 1-0: Ground out 5-3 (Groundball, 5L, EV 83.8 MPH)
|
|
Batting: RHB Gary Serum
|
0-0: Ball 1-0: Ground out 4-3 (Groundball, 4, EV 102.5 MPH)
|
|
Batting: LHB Brett Butler
|
0-0: Swinging Strike 0-1: Foul Ball, location: 2F 0-2: Ball 1-2: Ball 2-2: Ball 3-2: Foul Ball, location: 2F 3-2: SOLO HOME RUN (Flyball, 9D, EV 95.0 MPH), Distance : 409 ft
|
|
Batting: LHB Joe L Morgan
|
0-0: Swinging Strike 0-1: Fly out, F7 (Flyball, 7, EV 91.9 MPH)
|
| Bottom of the 3rd over - 1 run, 1 hit, 0 errors, 0 left on base; Philadelphia 0 - Atlanta 1 |
| TOP OF THE 4TH |
|
Philadelphia Phillies batting - Pitching for Atlanta Braves : RHP Gary Serum
|
|
Batting: RHB Andy Ramirez
|
0-0: Swinging Strike 0-1: Swinging Strike 0-2: Strikes out looking
|
|
Batting: LHB Lou Whitaker
|
0-0: Swinging Strike 0-1: Ball 1-1: SINGLE (Line Drive, 3L, EV 95.0 MPH)
|
|
Batting: LHB Tony Gwynn
|
0-0: Called Strike Lou Whitaker steals 2nd base 0-1: Called Strike Lou Whitaker is caught stealing 3rd base 2-5 0-2: Ball 1-2: Fly out, F8 (Flyball, 89M, EV 90.0 MPH)
|
| Top of the 4th over - 0 runs, 1 hit, 0 errors, 0 left on base; Philadelphia 0 - Atlanta 1 |
| BOTTOM OF THE 4TH |
|
Atlanta Braves batting - Pitching for Philadelphia Phillies : LHP Larry McWilliams
|
|
Batting: SHB Tony Fernandez
|
0-0: Ball 1-0: Foul Ball, location: 2F 1-1: Ball 2-1: Swinging Strike 2-2: Ball 3-2: Base on Balls
|
|
Batting: LHB Karl Pagel
|
0-0: Ball 1-0: Swinging Strike 1-1: Ball 2-1: Foul Ball, location: 2F 2-2: Strikes out swinging
|
|
Batting: LHB Mike Scioscia
|
0-0: Ball 1-0: Swinging Strike 1-1: Called Strike 1-2: Strikes out swinging
|
|
Batting: LHB Mike Hargrove
|
0-0: Ball 1-0: Fielders Choice at 2nd, 6-4 (Groundball, 6, EV 109.4 MPH)
|
| Bottom of the 4th over - 0 runs, 0 hits, 0 errors, 1 left on base; Philadelphia 0 - Atlanta 1 |
| TOP OF THE 5TH |
|
Philadelphia Phillies batting - Pitching for Atlanta Braves : RHP Gary Serum
|
|
Pitching: RHP Doc Medich
|
|
|
Now at 1B: Dave Sax
|
|
|
Batting: RHB Candy Maldonado
|
0-0: Called Strike 0-1: Swinging Strike 0-2: Strikes out swinging
|
|
Batting: LHB Randy Bush
|
0-0: Hit by Pitch
|
|
Batting: RHB Andre Dawson
|
0-0: Fielders Choice at 2nd, 5-4 (Groundball, 25, EV 82.5 MPH)
|
|
Batting: RHB Dan Thomas
|
0-0: Ball 1-0: Ball 2-0: Ground out 4-3 (Groundball, 4, EV 81.3 MPH)
|
| Top of the 5th over - 0 runs, 0 hits, 0 errors, 1 left on base; Philadelphia 0 - Atlanta 1 |
| BOTTOM OF THE 5TH |
|
Atlanta Braves batting - Pitching for Philadelphia Phillies : LHP Larry McWilliams
|
|
Pitching: RHP George Frazier
|
|
|
Batting: LHB Brent Hillenga
|
0-0: Ball 1-0: Ball 2-0: Called Strike 2-1: Foul Ball, location: 2F 2-2: Ground out 4-3 (Groundball, 4, EV 95.0 MPH)
|
|
Batting: RHB Tom Veryzer
|
0-0: DOUBLE (Line Drive, 78XD, EV 101.3 MPH)
|
|
Batting: RHB Dave Sax
|
0-0: Ball 1-0: Foul Ball, location: 2F 1-1: Swinging Strike 1-2: Strikes out swinging
|
|
Batting: LHB Brett Butler
|
0-0: Ball 1-0: Fly out, F6 (Line Drive, 6, EV 61.3 MPH)
|
| Bottom of the 5th over - 0 runs, 1 hit, 0 errors, 1 left on base; Philadelphia 0 - Atlanta 1 |
| TOP OF THE 6TH |
|
Philadelphia Phillies batting - Pitching for Atlanta Braves : RHP Doc Medich
|
|
Batting: LHB Clay Hill
|
0-0: Called Strike 0-1: Ball 1-1: Swinging Strike 1-2: Strikes out swinging
|
|
Batting: RHB George Frazier
|
0-0: Fly out, F9 (Line Drive, 9, EV 90.0 MPH)
|
|
Batting: RHB Andy Ramirez
|
0-0: Ball 1-0: SINGLE (Groundball, 25, EV 69.4 MPH) (infield hit)
|
|
Batting: LHB Lou Whitaker
|
0-0: Ball 1-0: Ball 2-0: Ground out 4-3 (Groundball, 34, EV 101.9 MPH)
|
| Top of the 6th over - 0 runs, 1 hit, 0 errors, 1 left on base; Philadelphia 0 - Atlanta 1 |
| BOTTOM OF THE 6TH |
|
Atlanta Braves batting - Pitching for Philadelphia Phillies : RHP George Frazier
|
|
Batting: LHB Joe L Morgan
|
0-0: Called Strike 0-1: Ball 1-1: Ball 2-1: Called Strike 2-2: Ball 3-2: Base on Balls
|
|
Batting: SHB Tony Fernandez
|
0-0: Ball 1-0: Ball 2-0: Swinging Strike 2-1: Foul Ball, location: 2F 2-2: Foul Ball, location: 2F 2-2: Foul Ball, location: 2F 2-2: Foul Ball, location: 2F 2-2: Grounds into double play, 3-6-1 (Groundball, 34, EV 100.0 MPH)
|
|
Batting: LHB Karl Pagel
|
0-0: Called Strike 0-1: Ball 1-1: Foul Ball, location: 2F 1-2: Foul Ball, location: 2F 1-2: Foul Ball, location: 2F 1-2: Fly out, F8 (Flyball, 78XD, EV 100.0 MPH)
|
| Bottom of the 6th over - 0 runs, 0 hits, 0 errors, 0 left on base; Philadelphia 0 - Atlanta 1 |
| TOP OF THE 7TH |
|
Philadelphia Phillies batting - Pitching for Atlanta Braves : RHP Doc Medich
|
|
Batting: LHB Tony Gwynn
|
0-0: Ball 1-0: SINGLE (Groundball, 13S, EV 68.8 MPH) (infield hit)
|
|
Batting: RHB Candy Maldonado
|
0-0: Called Strike 0-1: Ball 1-1: Swinging Strike 1-2: SINGLE (Line Drive, 8RS, EV 100.0 MPH) Tony Gwynn to second Runner from 2nd tries for 3rd, SAFE, no throw by CF
|
|
Batting: LHB Randy Bush
|
0-0: Called Strike 0-1: Ball 1-1: Ball 2-1: SINGLE (Line Drive, 9S, EV 90.6 MPH) Tony Gwynn scores Candy Maldonado to second Runner from 2nd tries for 3rd, SAFE, throw by RF made to third
|
|
Batting: RHB Andre Dawson
|
0-0: 3-RUN HOME RUN (Flyball, 7D, EV 101.9 MPH), Distance : 389 ft
|
|
Pitching: LHP Jesus Rios
|
|
|
Batting: RHB Dan Thomas
|
0-0: Foul Ball, location: 2F 0-1: Foul Ball, location: 2F 0-2: Strikes out swinging
|
|
Batting: LHB Clay Hill
|
0-0: Ground out 4-3 (Groundball, 4, EV 95.6 MPH)
|
|
Pinch Hitting: LHB Terry Bogener
|
0-0: Foul Ball, location: 2F 0-1: Foul Ball, location: 2F 0-2: Ball 1-2: Fly out, F8 (Flyball, 8RXD, EV 80.0 MPH)
|
| Top of the 7th over - 4 runs, 4 hits, 0 errors, 0 left on base; Philadelphia 4 - Atlanta 1 |
| BOTTOM OF THE 7TH |
|
Atlanta Braves batting - Pitching for Philadelphia Phillies : RHP George Frazier
|
|
Pitching: RHP Tom Hume
|
|
|
Batting: LHB Mike Scioscia
|
0-0: Ball 1-0: Ball 2-0: Ball 3-0: Called Strike 3-1: Foul Ball, location: 2F 3-2: Foul Ball, location: 2F 3-2: Ground out 4-3 (Groundball, 4, EV 85.6 MPH)
|
|
Pinch Hitting: RHB James Shinn
|
0-0: DOUBLE (Line Drive, 78D, EV 105.0 MPH)
|
|
Batting: LHB Brent Hillenga
|
0-0: Foul Ball, location: 2F 0-1: Called Strike 0-2: DOUBLE (Line Drive, 5D, EV 94.4 MPH) James Shinn scores
|
|
Batting: RHB Tom Veryzer
|
0-0: Called Strike 0-1: Ball 1-1: Called Strike 1-2: Foul Ball, location: 2F 1-2: Ball 2-2: Ground out 5-3 (Groundball, 56, EV 86.9 MPH)
|
|
Batting: RHB Dave Sax
|
0-0: Foul Ball, location: 2F 0-1: Ball 1-1: Ground out 6-3 (Groundball, 6, EV 90.6 MPH)
|
| Bottom of the 7th over - 1 run, 2 hits, 0 errors, 1 left on base; Philadelphia 4 - Atlanta 2 |
| TOP OF THE 8TH |
|
Philadelphia Phillies batting - Pitching for Atlanta Braves : LHP Jesus Rios
|
|
Pitching: RHP Charlie Lea
|
|
|
Pinch Hitting: LHB Terry Lee
|
0-0: Ball 1-0: Called Strike 1-1: Ball 2-1: Ball 3-1: Fly out, F3 (Flyball, 3D, EV 86.9 MPH)
|
|
Pinch Hitting: RHB Ivan de Jesus
|
0-0: Called Strike 0-1: Swinging Strike 0-2: Strikes out swinging
|
|
Pinch Hitting: LHB James Peters
|
0-0: Ball 1-0: Ball 2-0: Called Strike 2-1: Ball 3-1: Base on Balls
|
|
Pinch Hitting: RHB Tim Wallach
|
0-0: Called Strike James Peters steals 2nd base (no throw) 0-1: SINGLE (Groundball, 6D, EV 103.1 MPH) James Peters to third Runner from 3rd tries for Home, SAFE, throw by LF to home
|
|
Pinch Hitting: LHB Ken Phelps
|
0-0: Called Strike 0-1: Foul Ball, location: 2F 0-2: Foul Ball, location: 2F 0-2: Foul Ball, location: 2F 0-2: Ball 1-2: Ball 2-2: Fly out, F8 (Flyball, 78D, EV 105.6 MPH)
|
| Top of the 8th over - 1 run, 1 hit, 0 errors, 1 left on base; Philadelphia 5 - Atlanta 2 |
| BOTTOM OF THE 8TH |
|
Atlanta Braves batting - Pitching for Philadelphia Phillies : RHP Tom Hume
|
|
Now at 1B: Tim Wallach
|
|
|
Now at 3B: Terry Lee
|
|
|
Now at SS: Ivan de Jesus
|
|
|
Now in LF: Ty Gainey
|
|
|
Now in CF: Rick Lancellotti
|
|
|
Pinch Hitting: RHB Dan Ford
|
0-0: Called Strike 0-1: Fly out, F4 (Flyball, 4D, EV 83.1 MPH)
|
|
Pinch Hitting: SHB UL Washington
|
0-0: Swinging Strike 0-1: Ball 1-1: Swinging Strike 1-2: Foul Ball, location: 2F 1-2: Strikes out swinging
|
|
Pinch Hitting: RHB Guy Sularz
|
0-0: Called Strike 0-1: Foul Ball, location: 2F 0-2: Ball 1-2: DOUBLE (Line Drive, 9LS, EV 95.0 MPH)
|
|
Pinch Hitting: RHB Dave Stegman
|
0-0: Called Strike 0-1: Called Strike 0-2: Ball 1-2: Strikes out swinging
|
| Bottom of the 8th over - 0 runs, 1 hit, 0 errors, 1 left on base; Philadelphia 5 - Atlanta 2 |
| TOP OF THE 9TH |
|
Philadelphia Phillies batting - Pitching for Atlanta Braves : RHP Charlie Lea
|
|
Now at 2B: UL Washington
|
|
|
Now at SS: Guy Sularz
|
|
|
Now in LF: Dan Ford
|
|
|
Now in CF: Dave Stegman
|
|
|
Pinch Hitting: LHB Andy Guerrero
|
0-0: Swinging Strike 0-1: Ball 1-1: Ball 2-1: Ball 3-1: Base on Balls
|
|
Pinch Hitting: RHB Paul Molitor
|
0-0: Ball 1-0: Bunted foul 1-1: Bunt missed! 1-2: Strikes out swinging
|
|
Pinch Hitting: RHB Tony Pena
|
0-0: Ball 1-0: Foul Ball, location: 2F 1-1: Ball 2-1: SINGLE (Groundball, 6MD, EV 98.8 MPH) Andy Guerrero to second Runner from 2nd tries for 3rd, SAFE, no throw by CF
|
|
Pinch Hitting: RHB Jody Davis
|
0-0: Ball 1-0: Foul Ball, location: 2F 1-1: Foul Ball, location: 2F 1-2: Foul Ball, location: 2F 1-2: Strikes out swinging
|
|
Batting: LHB Terry Lee
|
0-0: Called Strike 0-1: Ball 1-1: Swinging Strike 1-2: SINGLE (Groundball, P, EV 99.4 MPH) Andy Guerrero scores Tony Pena to second Runner from 2nd tries for 3rd, SAFE, throw by CF made to third
|
|
Pinch Runner at 3rd Cecil Cooper:
|
|
|
Batting: RHB Ivan de Jesus
|
0-0: Called Strike 0-1: SINGLE (Line Drive, 3, EV 68.8 MPH) (infield hit) Cecil Cooper scores Terry Lee to second
|
|
Batting: LHB Ty Gainey
|
0-0: Ball 1-0: Called Strike 1-1: Ball 2-1: Called Strike 2-2: Ball 3-2: Strikes out looking
|
| Top of the 9th over - 2 runs, 3 hits, 0 errors, 2 left on base; Philadelphia 7 - Atlanta 2 |
| BOTTOM OF THE 9TH |
|
Atlanta Braves batting - Pitching for Philadelphia Phillies : RHP Tom Hume
|
|
Pitching: RHP Armando Gutierrez
|
|
|
Now at C: Jody Davis
|
|
|
Now at 2B: Paul Molitor
|
|
|
Now in RF: Andy Guerrero
|
|
|
Pinch Hitting: RHB Gary Allenson
|
0-0: Ball 1-0: Called Strike 1-1: Called Strike 1-2: Ball 2-2: Ball 3-2: Fly out, F9 (Flyball, 89D, EV 94.4 MPH)
|
|
Pinch Hitting: LHB Leon Durham
|
0-0: Ground out 5-3 (Groundball, 56, EV 92.5 MPH)
|
|
Pinch Hitting: RHB Mike Fuentes
|
0-0: Ground out 4-3 (Groundball, 4, EV 84.4 MPH)
|
| Bottom of the 9th over - 0 runs, 0 hits, 0 errors, 0 left on base; Philadelphia 7 - Atlanta 2 |
|